Map: Ley Lines

Players

ManlyManMeat - Winner!

  • Race: Zerg Zerg
  • League: Platinum
  • Spawn Location: 1:00

NickCholo

  • Race: Terran Terran
  • League: Master
  • Spawn Location: 7:00

VOD

Have the link to the VOD?

Description

Time

  • Played on: June 21, 2025, 11:03 a.m.
  • Length: 15:56
Show
View Real Time Build Order
Export as new Build Order

ManlyManMeat Zerg - Winner!

Build Orders: Hatch First 

Get SALT Encoding   

  12  0:00  Drone  
  13  0:13  Overlord  
  13  0:18  Drone  
  14  0:31  Drone x2  
  16  0:37  Drone  
  17  0:50  Hatchery  
  17  0:54  Drone  
  17  0:57  Drone  
  18  1:11  Spawning Pool  
  18  1:13  Extractor  
  18  1:16  Drone  
  17  1:21  Drone  
  18  1:36  Drone  
  19  1:42  Overlord  
  19  2:02  Queen  
  19  2:03  Queen  
  19  2:04  Zergling x4  
  25  2:16  Drone  
  25  2:17  Drone x2  
  28  2:29  Drone  
  30  2:30  Drone  
  30  2:39  Hatchery  
  29  2:45  Drone x2  
  29  2:47  Drone  
  32  2:55  Drone  
  32  2:56  Drone  
  34  3:00  Queen  
  36  3:06  Overlord  
  36  3:16  Metabolic Boost  
  36  3:27  Drone x4  
  37  3:29  Overlord  
  37  3:31  Overlord  
  40  3:36  Lair  
  40  3:40  Drone, Baneling Nest  
  40  3:41  Drone  
  40  3:46  Drone, Extractor  
  41  3:56  Drone  
  41  3:58  Drone, Zergling x10  
  48  4:06  Zergling x6  
  51  4:13  Zergling x6  
  54  4:27  Queen x2  
  54  4:28  Overlord x2  
  57  4:46  Spore Crawler  
  57  4:50  Drone x3  
  57  4:51  Drone x3  
  62  4:53  Zergling x12  
  62  4:57  Overlord  
  68  5:17  Baneling x5  
  67  5:28  Drone x6  
  70  5:29  Overlord x2  
  70  5:30  Overseer  
  70  5:35  Centrifugal Hooks  
  73  5:38  Drone x2, Evolution Chamber  
  73  5:39  Drone x3  
  73  5:42  Evolution Chamber  
  76  5:56  Zergling x14  
  83  6:04  Drone  
  83  6:05  Drone x3, Hatchery  
  83  6:09  Baneling  
  83  6:10  Baneling x7  
  85  6:11  Baneling  
  82  6:21  Zergling x6  
  82  6:22  Zergling x8  
  88  6:32  Overlord x2  
  88  6:36  Spore Crawler  
  80  6:53  Zerg Melee Weapons Level 1  
  77  7:08  Zergling x36  
  95  7:25  Spore Crawler  
  95  7:27  Spore Crawler  
  92  7:31  Zergling x16  
  99  7:46  Overlord x2  
  99  7:58  Hatchery  
  68  8:16  Zergling x20  
  67  8:23  Zergling x10  
  67  8:35  Baneling x2  
  67  8:45  Overlord  
  67  8:49  Drone x2  
  67  8:50  Drone x3  
  67  8:51  Drone  
  67  8:52  Drone x3  
  67  8:54  Drone x3  
  78  9:03  Overseer  
  78  9:04  Hatchery  
  78  9:05  Zergling x2  
  78  9:06  Zergling x20  
  88  9:13  Hatchery  
  88  9:14  Baneling x13  
  87  9:29  Drone x5  
  92  9:42  Drone x7  
  92  9:43  Hatchery  
  84  10:01  Infestation Pit  
  84  10:02  Roach Warren  
  84  10:06  Extractor  
  81  10:07  Drone, Extractor  
  81  10:08  Drone x2, Extractor  
  81  10:09  Extractor  
  81  10:10  Drone x2  
  81  10:11  Drone  
  81  10:12  Drone  
  81  10:13  Drone x3  
  88  10:15  Drone x3  
  88  10:16  Drone x3  
  88  10:17  Zergling x6  
  88  10:18  Zergling x30  
  88  10:21  Queen  
  112  10:24  Queen  
  112  10:27  Baneling  
  112  10:28  Baneling x5  
  116  10:40  Zergling x28  
  116  10:41  Zergling x2  
  130  10:59  Queen  
  130  11:00  Zergling x10  
  130  11:01  Zergling x12  
  143  11:15  Extractor  
  143  11:16  Extractor  
  108  11:41  Roach x18  
  108  11:46  Overlord x2  
  108  11:47  Overlord  
  144  11:50  Hive  
  143  11:56  Baneling x21  
  143  11:59  Drone  
  144  12:09  Zergling x6  
  144  12:11  Roach x10  
  166  12:27  Overlord x3  
  166  12:28  Overlord x4  
  166  12:32  Zerg Missile Weapons Level 1  
  166  12:33  Zerg Ground Armor Level 1  
  135  13:02  Roach x26  
  161  13:08  Glial Reconstitution  
  127  13:45  Roach x3  
  127  13:46  Roach x19  
  124  13:59  Roach x7  
  126  14:03  Drone x2  
  124  14:25  Drone x2  
  124  14:27  Zergling x34  
  141  14:55  Ravager  
  141  14:56  Ravager  
  141  14:57  Ravager  
  141  14:58  Ravager  
  141  14:59  Ravager  
  146  15:00  Ravager  
  146  15:01  Ravager  
  146  15:02  Ravager  
  146  15:05  Drone  
  146  15:06  Drone x3  
  146  15:07  Drone x2  
  155  15:11  Drone x3  
  155  15:12  Drone x3  
  161  15:15  Zergling x2  
  161  15:16  Zergling x34  
Show
View Real Time Build Order
Export as new Build Order

NickCholo Terran 

Build Orders: Liberator Opening, Mech 

Get SALT Encoding   

  12  0:00  SCV  
  13  0:12  SCV  
  14  0:17  Supply Depot  
  14  0:24  SCV  
  15  0:38  SCV  
  15  0:40  Barracks  
  16  0:45  Refinery  
  16  0:50  SCV  
  17  1:03  SCV  
  18  1:15  SCV  
  19  1:37  Barracks Reactor  
  19  1:39  Command Center  
  19  1:46  Supply Depot  
  19  1:48  Orbital Command  
  19  1:57  Refinery  
  19  2:09  Factory  
  19  2:14  SCV  
  19  2:15  Marine  
  20  2:17  Marine  
  22  2:30  SCV  
  23  2:38  Marine x2  
  23  2:42  SCV  
  26  2:54  SCV  
  26  2:55  Starport  
  27  3:01  Orbital Command  
  27  3:06  SCV  
  28  3:13  Hellion x2  
  28  3:14  Supply Depot  
  28  3:17  Barracks Tech Lab  
  28  3:18  SCV  
  33  3:27  SCV  
  33  3:30  SCV  
  33  3:32  Liberator  
  38  3:38  Hellion  
  38  3:39  SCV  
  41  3:43  Supply Depot  
  41  3:45  Hellion  
  41  3:47  SCV  
  44  3:51  SCV  
  45  3:58  Factory  
  45  3:59  SCV  
  46  4:05  SCV  
  46  4:07  Hellion  
  46  4:09  Hellion  
  51  4:12  SCV  
  51  4:13  Supply Depot  
  52  4:21  SCV  
  52  4:24  Refinery, SCV  
  54  4:25  Refinery  
  54  4:29  Starport Reactor  
  54  4:33  SCV  
  55  4:42  Hellion x2  
  55  4:45  SCV  
  60  5:00  Factory  
  60  5:03  Hellion  
  60  5:06  Command Center  
  62  5:26  Supply Depot  
  50  5:28  Liberator x2  
  50  5:31  Siege Tank  
  50  5:33  Hellion x2  
  50  5:34  SCV  
  64  5:41  SCV  
  65  5:44  Factory Tech Lab  
  65  5:46  SCV  
  65  5:48  Factory  
  66  5:50  Marine  
  66  5:54  SCV  
  68  5:58  SCV  
  68  6:02  Cyclone  
  72  6:06  SCV  
  72  6:11  SCV  
  74  6:13  Supply Depot  
  74  6:18  SCV  
  75  6:19  Orbital Command  
  75  6:22  Factory  
  75  6:25  Cyclone  
  75  6:34  Factory Tech Lab, Hellion  
  75  6:35  Hellion  
  79  6:52  SCV  
  80  6:54  Cyclone x2  
  80  6:58  Factory  
  86  7:02  Cyclone  
  86  7:04  SCV  
  87  7:13  Orbital Command  
  87  7:16  SCV  
  87  7:17  Hellion x2  
  87  7:19  Factory Tech Lab  
  89  7:47  Hellion  
  89  7:48  Hellion x5  
  101  7:55  Hellion  
  87  8:13  Hellion x4  
  87  8:15  Orbital Command  
  61  8:22  SCV  
  54  8:32  SCV  
  54  8:34  SCV  
  54  8:40  Hellion x6  
  54  8:41  Hellion  
  69  8:44  SCV  
  69  8:45  SCV  
  69  8:46  SCV  
  72  8:50  Supply Depot  
  70  8:56  SCV  
  70  8:57  SCV  
  70  8:58  SCV  
  70  9:01  Hellion  
  75  9:08  SCV  
  76  9:10  SCV  
  76  9:16  Factory Tech Lab  
  77  9:20  SCV  
  77  9:21  Infernal Pre-Igniter  
  78  9:27  Hellion x3  
  78  9:28  Hellion x3  
  90  9:32  SCV  
  90  9:37  Cyclone  
  94  9:39  Orbital Command  
  94  9:43  Armory  
  94  9:48  Cyclone, Hellion  
  94  9:49  Hellion x2  
  101  10:02  Hellion x2  
  101  10:05  SCV  
  101  10:06  SCV  
  107  10:09  Hellion  
  109  10:16  Supply Depot  
  109  10:21  SCV x2  
  111  10:31  Armory  
  111  10:32  Cyclone x2  
  117  10:36  Terran Vehicle Weapons Level 1  
  117  10:38  Cyclone x2, SCV x2  
  117  10:39  Supply Depot  
  117  10:41  Refinery  
  125  10:46  Refinery  
  125  10:53  Mag-Field Accelerator  
  125  11:00  SCV x2  
  125  11:02  Cyclone, Supply Depot  
  130  11:09  SCV  
  131  11:13  SCV x2  
  133  11:23  Siege Tank x2, SCV  
  133  11:24  Supply Depot, Terran Vehicle And Ship Armor Level 1  
  133  11:25  SCV  
  141  11:26  SCV  
  130  11:35  SCV  
  130  11:37  SCV  
  130  11:38  SCV  
  128  11:47  Hellion  
  128  11:48  Hellion, SCV  
  133  11:56  Supply Depot  
  133  12:05  Siege Tank, SCV x2  
  133  12:06  Hellion  
  140  12:09  Supply Depot  
  140  12:17  SCV  
  140  12:18  Hellion x2, SCV  
  140  12:19  Supply Depot  
  146  12:29  Hellion  
  149  12:30  Hellion x3, SCV x2  
  149  12:32  Supply Depot  
  149  12:35  Supply Depot  
  156  12:40  Orbital Command  
  156  12:41  Hellion  
  156  12:42  SCV x2  
  146  12:54  SCV  
  146  12:58  Supply Depot  
  118  13:15  SCV  
  118  13:17  Siege Tank x3  
  118  13:18  Hellion x4  
  136  13:20  Supply Depot  
  136  13:28  SCV  
  123  13:39  Hellion  
  123  13:40  SCV  
  122  13:45  Hellion x3  
  115  13:49  Hellion  
  115  13:52  SCV  
  72  14:28  SCV  
  69  14:45  Siege Tank x5  
  65  14:46  Hellion x2  
  71  15:07  Command Center, Hellion  
  71  15:08  Hellion  
  75  15:22  Starport  
Tags
 
Add a new tag
Caveats
  • Supply blocks, unpowered buildings, or Contaminate may cause inaccurate times.
  • Supply counts are checked every 10 seconds.